 Dungeon Crawl Stone Soup version 0.20.0-14-g326068f (console) character file.

131 2d6 the Chopper (level 5, -1/41 HPs)
             Began as a Formicid Fighter on June 9, 2017.
             Slain by a gnoll
             ... wielding a +0 spear
              (6 damage)
             ... on level 3 of the Dungeon.
             The game lasted 00:05:08 (2118 turns).

2d6 the Chopper (Formicid Fighter)                  Turns: 2118, Time: 00:05:09

Health: -1/41      AC:  6    Str: 26    XL:     5   Next: 37%
Magic:  5/5        EV:  8    Int:  7    God:
Gold:   94         SH: 10    Dex: 11    Spells: 4/4 levels left

rFire    + . .     SeeInvis +   a - +0 war axe
rCold    . . .     Gourm    .   c - +0 shield
rNeg     . . .     Faith    .   b - +0 scale mail
rPois    .         Spirit   .   (helmet unavailable)
rElec    .         Reflect  .   (no cloak)
rCorr    +         Harm     .   (no gloves)
MR       .....                  (no boots)
Stlth    ..........             (no amulet)
Regen    0.2/turn               q - ring of protection from fire
MPRegen  0.1/turn               s - ring of resist corrosion

@: mighty
A: permanent stasis, dig shafts and tunnels, four strong arms, antennae 3
a: Dig, Shaft Self


You were on level 3 of the Dungeon.
You were not hungry.

You visited 1 branch of the dungeon, and saw 3 of its levels.

You collected 94 gold pieces.

Inventory:

Hand Weapons
 a - a +0 war axe (weapon)
Missiles
 g - 135 stones (quivered)
Armour
 b - a +0 scale mail (worn)
 c - a +0 shield (worn)
Jewellery
 q - a ring of protection from fire (left hand)
 s - a ring of resist corrosion (right hand)
Wands
 n - a wand of random effects (39/48)
Scrolls
 h - 4 scrolls of identify {unknown}
 l - a scroll of fog {unknown}
 r - a scroll of magic mapping {unknown}
 v - a scroll of teleportation {unknown}
Potions
 d - a potion of might
 e - a potion of cancellation {unknown}
 i - a potion of curing {unknown}
 j - a potion of heal wounds {unknown}
 m - 2 potions of mutation {unknown}
 p - a potion of haste {unknown}
Comestibles
 f - 3 bread rations
 k - a royal jelly
 o - 2 fruits
 u - a meat ration


   Skills:
 - Level 3.2 Fighting
 + Level 5.2 Axes
 - Level 3.2 Armour
 - Level 3.6 Shields


You had 4 spell levels left.
You didn't know any spells.

Dungeon Overview and Level Annotations

Branches:
Dungeon (3/15)

Altars:


Innate Abilities, Weirdness & Mutations

You cannot be hasted, slowed, berserked, paralysed or teleported.
You can dig through walls and to a lower floor.
Your four strong arms can wield two-handed weapons with a shield.
You have a pair of large antennae on your head. (SInv)


Message History

You miss the adder.
The adder is severely wounded.
The adder bites you but does no damage. The gnoll closely misses you.
You block the gnoll's attack. The adder bites you.
* * * LOW HITPOINT WARNING * * *
You closely miss the adder.
The adder is severely wounded.
You block the adder's attack. The gnoll completely misses you.
The gnoll hits you but does no damage. The adder bites you but does no damage.
You closely miss the adder.
The adder is severely wounded.
The gnoll barely misses you. The gnoll hits you but does no damage.
You block the adder's attack. The gnoll hits you but does no damage.
The gnoll completely misses you.
You barely miss the adder.
The adder is severely wounded.
You block the adder's attack. The adder closely misses you.
The gnoll closely misses you.
The gnoll hits you from afar with a spear.
You die...

##.###### #.##...
#.##.## ##
#.#.>.#############....
#...................#
#.#...####.####.##..#
#.##.## #.# #.# #.####
#.# #.# #.# #.# #@# #.#
#.# #S# #.# #.# #gg{ #.
#.# ##w. ... ...# ....
...#.


You could see a worm, 2 gnolls and an adder.

Vanquished Creatures
  Jessica (D:2)
  Terence (D:2)
  3 adders (D:2)
  A gnoll (D:3)
  An ooze (D:1)
  A worm (D:2)
  An orc (D:3)
  6 bats
  2 giant cockroaches (D:2)
  5 goblins
  3 hobgoblins
  A quokka (D:3)
  4 frilled lizards
  5 kobolds
  4 rats
39 creatures vanquished.

Notes
Turn   | Place    | Note
-------+----------+-------------------------------------------
     0 | D:1      | 2d6 the Formicid Fighter began the quest for the Orb.
     0 | D:1      | Reached XP level 1. HP: 18/18 MP: 1/1
   160 | D:1      | Reached XP level 2. HP: 23/24 MP: 2/2
   258 | D:1      | Reached skill level 3 in Axes
   597 | D:1      | Reached XP level 3. HP: 27/29 MP: 3/3
   766 | D:2      | Noticed Jessica
   777 | D:2      | Killed Jessica
   931 | D:2      | Noticed Terence
   940 | D:2      | Killed Terence
   940 | D:2      | Reached skill level 4 in Axes
   940 | D:2      | Reached XP level 4. HP: 30/35 MP: 4/4
  1396 | D:2      | Reached XP level 5. HP: 30/41 MP: 5/5
  1672 | D:2      | Reached skill level 5 in Axes
  2118 | D:3      | Slain by a gnoll

Skill      XL: |  1  2  3  4  5 |
---------------+----------------+-----
Axes           | 3 4 5 |  5.2
Fighting       | |  3.2
Armour         | |  3.2
Shields        | |  3.6

Action                   |  1- 3 |  4- 6 || total
-------------------------+-------+-------++-------
Melee: War axe           |    62 |    92 ||   154
Throw: Stone             |     1 |     1 ||     2
  Use: Potion            |       |     1 ||     1
  Eat: Chunk             |       |     4 ||     4
Armor: Scale mail        |    18 |    39 ||    57
Dodge: Dodged            |    18 |    33 ||    51
Block: Shield            |    34 |    74 ||   108

Vault maps used:
D:1:      evilmike_arrival_rings
D:2:      first_bread, chequers_big_river, uniq_terence, uniq_jessica
D:3:      gammafunk_temple_overflow_forgotten, uniq_robin
